 Dungeon Crawl Stone Soup version 0.32-a0-132-g2d33c3cfaf (webtiles) character file.

Game seed: 3235766500640624966

2410 zeratav the Mimic (level 9, 0/61 HPs)
             Began as an Octopode Shapeshifter on Feb 9, 2024.
             Was an Initiate of Gozag.
             Slain by a scorpion (4 damage)
             ... on level 7 of the Dungeon.
             The game lasted 00:12:33 (6525 turns).

zeratav the Mimic (Octopode Shapeshifter)           Turns: 6525, Time: 00:12:34

Health: 0/61       AC:  5    Str: 17    XL:     9   Next: 47%
Magic:  9/9        EV: 17    Int: 12    God:    Gozag
Gold:   1124       SH:  0    Dex: 12    Spells: 8/8 levels left

rFire   . .          .
                       - Unarmed
rCold   + . .        (shield currently unavailable)
rNeg    . . .        (helmet restricted)
rPois   .            p - amulet of the acrobat
rElec   .            s - ring of flight
rCorr   .            y - +4 ring of protection
SInv    .            j - ring of protection from cold
Will    .....        (no ring)
Stlth   ++           (no ring)
HPRegen 0.30/turn    (no ring)
MPRegen 0.11/turn    (no ring)
                     (no ring)

%: acrobat
@: flux-form, flying, slowed, glowing, very slow
A: glow, contaminating, almost no armour, amphibious, 8 rings, camouflage 1,
gelatinous body 1, (nimble swimmer 1), tentacles
a: Begin Untransformation, Renounce Religion, Potion Petition, Call Merchant,
Bribe Branch


You were on level 7 of the Dungeon.
You worshipped Gozag.
Gozag was most pleased with you.
You were something dangerously unstable.
You visited 2 branches of the dungeon, and saw 8 of its levels.
You also visited: Bailey.

You collected 1207 gold pieces.
You paid 83 gold pieces to Gozag.


Innate Abilities, Weirdness & Mutations

You are something dangerously unstable.
You glow with magical radiation, making you easy to see and hit.
Foes you strike become dangerously contaminated with magical radiation.
You are incapable of wielding weapons or throwing items.
You cannot wear most types of armour.
You are amphibious.
You can wear up to eight rings at the same time.
Your skin changes colour to match your surroundings (Stealth+).
Your rubbery body absorbs attacks. (AC +1, EV +1)
((You are camouflaged when in or above water. (Stealth+)))
You have tentacles for arms and can constrict up to eight enemies at once.


   Skills:
 - Level 5.0 Fighting
 + Level 3.0 Dodging
 - Level 5.0 Stealth
 + Level 3.7 Unarmed Combat
 - Level 10.0 Shapeshifting


You had 8 spell levels left.
You didn't know any spells.
Your spell library contained the following spells:

 Spells                   Type           Power      Damage    Failure   Level
 Gell's Gravitas          Tloc           0%         N/A       69%         3
 Teleport Other           Tloc           0%         N/A       69%         3
 Volatile Blastmotes      Fire/Tloc      0%         2d10      69%         3
 Fulminant Prism          Conj/Alch      0%         3d5       97%         4
 Iskenderun's Mystic Bla  Conj/Tloc      0%         2d3       97%         4
 Dispersal                Tloc           0%         N/A       100%        6

Inventory:

Hand Weapons
 z - the +5 war axe of Ozxokos {holy, rN+ Dex+3, axe}
   (You took it off a kobold in a bailey)

   Dex+3:     It affects your dexterity (+3).
   rN+:       It protects you from negative energy.
Armour
 i - a +1 hat
   (You found it on level 1 of the Dungeon)
Jewellery
 f - a ring of ice
   (You found it on level 1 of the Dungeon)
 j - a ring of protection from cold (on tentacle)
   (You found it on level 7 of the Dungeon)
 l - a ring of magical power
   (You found it on level 2 of the Dungeon)
 p - an amulet of the acrobat (around mantle)
   (You found it on level 2 of the Dungeon)
 s - a ring of flight (left tentacle)
   (You found it on level 4 of the Dungeon)
 y - a +4 ring of protection (right tentacle)
   (You found it on level 6 of the Dungeon)
Talismans
 b - a beast talisman
 c - a flux talisman (active)
Wands
 h - a wand of iceblast (10)
   (You found it on level 5 of the Dungeon)
 k - a wand of polymorph (8)
   (You found it on level 7 of the Dungeon)
 v - a wand of mindburst (10) (quivered)
   (You found it on level 5 of the Dungeon)
Scrolls
 a - a scroll of fog
 d - a scroll of noise {!r}
 m - a scroll of vulnerability {!r!r}
 n - a scroll of enchant armour
 q - a scroll of silence {unknown}
 u - a scroll of amnesia
 w - a scroll of teleportation {@r4}
 x - a scroll of enchant weapon
Potions
 e - 2 potions of curing {@q1}
 g - 4 potions of enlightenment
 o - a potion of might {unknown}
 r - a potion of lignification {!q}
 t - 2 potions of cancellation {unknown}

Dungeon Overview and Level Annotations

Branches:
Dungeon (7/15) Zot: 26539  Temple (1/1) D:5 Zot: 5959  Bailey (visited)

Altars:
Ashenzari
Cheibriados
Dithmenos
Elyvilon
Fedhas
Gozag
Hepliaklqana
Kikubaaqudgha
Makhleb
Nemelex Xobeh
Okawaru
Ru
Sif Muna
Trog
Uskayaw
Wu Jian
Xom
Yredelemnul
Zin

Annotations:
D:3 2 transporters, Biggs's ghost, weakling KoMo
D:4 exclusion: downstairs, Sigmund
D:6 3 runed translucent doors, Newt's ghost, novice GrFi
D:7 exclusion: hornet

..#<####ß##
.####ß∩.....
......##ß###ß
### #.####
....... 5..
.. ..#######
#.# #.. #.#
.. #s# . #p#
#...# #####


You could see a scorpion and a white imp (asleep).


Message History

Your hp is fully restored (60).
You now have 1083 gold pieces (gained 15).
A steam dragon comes into view.
You barely miss the steam dragon. You squeeze the steam dragon.
The steam dragon barely misses you. The steam dragon misses you.
You tentacle-slap the steam dragon.
The steam dragon begins to glow.
The steam dragon bites you. The steam dragon barely misses you.
HP[-4]
You take 4 damage, and now have 56/60 hp.
You tentacle-slap the steam dragon.
The steam dragon glows dangerously bright.
You squeeze the steam dragon. The steam dragon closely misses you.
The steam dragon claws you but does no damage.
You tentacle-slap the steam dragon but do no damage.
The steam dragon shudders as magic cascades through it!!!
You kill the steam dragon!
Your life force feels restored.
Your Dodging skill increases to level 3!
You now have 61 max hp (+1).
You now have 1097 gold pieces (gained 14).
HP[+1] HP[+1]
Found 7 gold pieces and a runed trident.
Found a stone staircase leading up.
You now have 1117 gold pieces (gained 20).
HP[+1]
You see here 9 stones {throwing}.
HP[+1]
You now have 1124 gold pieces (gained 7).
HP[+1]
Your hp is fully restored (61).
w - 2 scrolls of teleportation {@r4} (gained 1)
You see here a +0 broad axe {axe}.
The hornet buzzes angrily.
Aiming: Mindburst
Press: ? - help, Q - select action, (/) - cycle Shift-Dir - straight line, f - hornet
Aim: a hornet (chance to affect: 55%)
The hornet's mind is blasted!
Aiming: Mindburst
Press: ? - help, Q - select action, (/) - cycle Shift-Dir - straight line, f/p - hornet
Aim: a hornet (moderately wounded, chance to affect: 55%)
The hornet resists with significant effort.
Aiming: Mindburst
Press: ? - help, Q - select action, (/) - cycle Shift-Dir - straight line, f/p - hornet
Aim: a hornet (moderately wounded, chance to affect: 55%)
The hornet resists with significant effort.
The hornet stings you.
You feel yourself slow down. The hornet stings you!
You are poisoned.
You suddenly lose the ability to move!
You feel yourself speed up.
You feel very sick. The hornet stings you!
You feel yourself slow down.
You feel very sick. The hornet stings you!
* * * LOW HITPOINT WARNING * * *
You feel as though you will be slow longer.
The hornet stings you!
* * * LOW HITPOINT WARNING * * *
You feel as though you will be slow longer.
You can move again.
HP[-48]
You take 48 damage, and now have 13/61 hp.
MASSIVE DAMAGE!! (PAUSE)
You feel better.
The hornet stings you but does no damage.
The hornet stings you.
* * * LOW HITPOINT WARNING * * *
You feel as though you will be slow longer.
HP[-1]
You take 1 damage, and now have 12/61 hp.
As you read the scroll of teleportation {@r4}, it crumbles to dust.
You feel strangely unstable. The hornet stings you.
* * * LOW HITPOINT WARNING * * *
You feel as though you will be slow longer.
The hornet completely misses you.
HP[-1]
You take 1 damage, and now have 11/61 hp.
Aiming: Mindburst
Press: ? - help, Q - select action, (/) - cycle Shift-Dir - straight line, f/p - hornet
Aim: a hornet (moderately wounded, chance to affect: 55%)
The hornet resists with significant effort.
The hornet barely misses you. The hornet stings you!
* * * LOW HITPOINT WARNING * * *
You suddenly lose the ability to move!
You can move again.
HP[-7]
You take 7 damage, and now have 4/61 hp.
Aiming: Mindburst
Press: ? - help, Q - select action, (/) - cycle Shift-Dir - straight line, f/p - hornet
Aim: a hornet (moderately wounded, chance to affect: 55%)
The hornet's mind is blasted!!
Your surroundings suddenly seem different.
A white imp and a scorpion come into view.
The scorpion stings you.
You die...
Your body crumbles into a pile of gold.

Skill      XL: |  1  2  3  4  5  6  7  8  9 |
---------------+----------------------------+-----
Stealth        | 2 3 5 |  5.0
Fighting       | 3 4 5 |  5.0
Shapeshifting  | 4 6 9 10 | 10.0
Dodging        | 3 |  3.0
Unarmed Combat | |  3.7

Action                     |  1- 3 |  4- 6 |  7- 9 || total
---------------------------+-------+-------+-------++-------
  Melee: Unarmed           |    67 |    79 |   206 ||   352
         Constrict         |    17 |    20 |    45 ||    82
         Tentacles         |    12 |    15 |    55 ||    82
         Punch             |     4 |     3 |     8 ||    15
  Evoke: Wand              |       |       |    10 ||    10
    Use: Potion            |     1 |       |     5 ||     6
         Scroll            |       |       |     9 ||     9
   Stab: Sleeping          |    13 |     7 |     2 ||    22
         Distracted        |       |       |     1 ||     1
 Armour: Skin              |    20 |    22 |   128 ||   170
  Dodge: Dodged            |    29 |    33 |   137 ||   199
   Form: Flux              |       |       |     1 ||     1

Levels and vault maps discovered:
D:1:      mainiacjoe_arrival_reflecting_pool, layout_basic,
          dreamdust_ecumenical_altar_angels_and_demons
D:2:      layout_rooms
D:3:      layout_loops_ring, gammafunk_ghost_arena, st_stairs_4
D:4:      layout_loops_ring, kennysheep_cross_bottleneck, uniq_sigmund
D:5:      layout_loops_ring, mainiacjoe_overflow_alcove_1,
          minmay_temple_entry_steel_oval, uniq_grinder
D:6:      layout_loops_cross, gammafunk_ghost_split
D:7:      layout_basic, enter_bailey_8, serial_shops, shop, shop,
          kennysheep_small_square
Temple:   nicolae_temple_bog_church

Notes
Turn   | Place    | Note
-------+----------+-------------------------------------------
     0 | D:1      | zeratav the Octopode Shapeshifter began the quest for the
                  | Orb.
     0 | D:1      | Reached XP level 1. HP: 13/13 MP: 1/1
     0 | D:1      | magus.rc [v1.9.6]
   162 | D:1      | Reached skill level 1 in Stealth
   212 | D:1      | Reached skill level 2 in Stealth
   292 | D:1      | Reached XP level 2. HP: 18/18 MP: 2/2
   436 | D:1      | Found a faded altar of an unknown god.
   538 | D:1      | Reached skill level 3 in Stealth
   954 | D:2      | Reached XP level 3. HP: 23/23 MP: 3/3
  1297 | D:3      | Reached skill level 4 in Stealth
  1566 | D:3      | Found a transporter.
  1566 | D:3      | Noticed Biggs's ghost (weakling KoMo)
  1605 | D:3      | Found a transporter.
  1977 | D:4      | Reached skill level 5 in Stealth
  1981 | D:4      | Noticed an ice beast
  1994 | D:4      | Killed an ice beast
  1995 | D:4      | Reached skill level 3 in Fighting
  1995 | D:4      | Reached XP level 4. HP: 31/31 MP: 4/4
  1995 | D:4      | Reached XP level 5. HP: 36/36 MP: 5/5
  2278 | D:4      | Noticed Sigmund
  2476 | D:4      | Reached skill level 4 in Fighting
  2638 | D:4      | Noticed a black bear
  2918 | D:5      | Entered Level 5 of the Dungeon
  2923 | D:5      | Reached XP level 6. HP: 44/44 MP: 6/6
  3197 | D:5      | Reached skill level 5 in Fighting
  3301 | D:5      | Reached skill level 4 in Shapeshifting
  3308 | D:5      | Reached XP level 7. HP: 27/50 MP: 7/7
  3728 | D:5      | HP: 11/50 [something/puff of flame (4)]
  3898 | D:5      | Noticed Grinder
  3899 | D:5      | Paralysed by Grinder for 2 turns
  3907 | D:5      | Paralysed by Grinder for 4 turns
  3914 | D:5      | Killed Grinder
  3915 | D:5      | Reached skill level 5 in Shapeshifting
  4034 | D:5      | Found a staircase to the Ecumenical Temple.
  4043 | Temple   | Entered the Ecumenical Temple
  4063 | Temple   | Became a worshipper of Gozag Ym Sagoz the Greedy
  4225 | D:5      | Reached skill level 6 in Shapeshifting
  4295 | D:5      | Found an ancient bone altar of Kikubaaqudgha.
  4408 | D:5      | You add the spells Gell's Gravitas, Teleport Other and
                  | Dispersal to your library.
  4448 | D:5      | Reached XP level 8. HP: 55/55 MP: 8/8
  4548 | D:6      | Found a runed translucent gate.
  4548 | D:6      | Noticed a wraith
  4549 | D:6      | Found a runed translucent gate.
  4576 | D:6      | Noticed Newt's ghost (novice GrFi)
  4577 | D:6      | Reached skill level 7 in Shapeshifting
  4599 | D:6      | Found a runed translucent gate.
  4915 | D:6      | HP: 18/82 [gnoll bouda/+0 club (4)]
  4922 | D:6      | HP: 17/82 [adder (3)]
  4927 | D:6      | HP: 16/82 [poisoned by an adder]
  4932 | D:6      | HP: 13/82 [poisoned by an adder]
  5317 | D:7      | Found a flagged portal.
  5328 | D:7      | Reached skill level 8 in Shapeshifting
  5518 | Bailey   | Entered a bailey
  5712 | Bailey   | Identified the +5 war axe of Ozxokos {holy, rN+ Dex+3}
  5738 | Bailey   | Reached skill level 9 in Shapeshifting
  5784 | Bailey   | Reached XP level 9. HP: 51/61 MP: 9/9
  6293 | D:7      | You pick up a book of Blasting and begin reading...
  6293 | D:7      | You add the spells Volatile Blastmotes, Fulminant Prism and
                  | Iskenderun's Mystic Blast to your library.
  6302 | D:7      | Reached skill level 10 in Shapeshifting
  6388 | D:7      | Noticed a hornet
  6470 | D:7      | Reached skill level 3 in Dodging
  6519 | D:7      | Paralysed by a hornet for 3 turns
  6521 | D:7      | HP: 13/61 [hornet (12)]
  6524 | D:7      | HP: 4/61 [hornet (7)]
  6524 | D:7      | Paralysed by a hornet for 1 turns
  6525 | D:7      | Slain by a scorpion

Vanquished Creatures
  Grinder (D:5)
  2 steam dragons (D:7)
  6 orc warriors (Bailey)
  2 ice beasts
  A centaur (D:6)
  A kobold brigand (D:7)
  A gnoll sergeant (D:5)
  2 scorpions
  3 wights (D:7)
  2 howler monkeys
  4 bombardier beetles (D:5)
  2 orc priests (D:7)
  A gnoll bouda (D:6)
  A jelly (D:7)
  3 iguanas
  An orc wizard (D:5)
  4 adders
  19 gnolls
  3 dart slugs
  2 ribbon worms
  11 orcs
  5 bats
  4 endoplasms
  A giant cockroach (D:3)
  7 hobgoblins
  4 jackals (D:5)
  6 ball pythons
  2 frilled lizards
  8 goblins
  24 kobolds
  3 rats (D:1)
136 creatures vanquished.

Table legend:
 A = Non-vault XP
 B = Vault XP
 C = Vault XP percentage of total XP
 D = Non-vault monster count
 E = Vault monster count
 F = Vault count percentage of total count
                 A         B        C        D         E       F
            +---------+---------+-------+---------+---------+-------
      Total |    2292 |    1152 |  33.4 |     106 |      30 |  22.1
            +---------+---------+-------+---------+---------+-------
        D:1 |      21 |       0 |   0.0 |      15 |       0 |   0.0
        D:2 |      15 |       0 |   0.0 |       7 |       0 |   0.0
        D:3 |      32 |       8 |  20.0 |      11 |       3 |  21.4
        D:4 |     211 |       0 |   0.0 |      18 |       0 |   0.0
        D:5 |     680 |     300 |  30.6 |      30 |       1 |   3.2
        D:6 |     544 |       0 |   0.0 |      12 |       0 |   0.0
        D:7 |     789 |       0 |   0.0 |      13 |       0 |   0.0
     Bailey |       0 |     844 | 100.0 |       0 |      26 | 100.0
            +---------+---------+-------+---------+---------+-------

Skill      XL: |  1  2  3  4  5  6  7  8  9 |
---------------+----------------------------+-----
Stealth        | 2 3 5 |  5.0
Fighting       | 3 4 5 |  5.0
Shapeshifting  | 4 6 9 10 | 10.0
Dodging        | 3 |  3.0
Unarmed Combat | |  3.7

Action                     |  1- 3 |  4- 6 |  7- 9 || total
---------------------------+-------+-------+-------++-------
  Melee: Unarmed           |    67 |    79 |   206 ||   352
         Constrict         |    17 |    20 |    45 ||    82
         Tentacles         |    12 |    15 |    55 ||    82
         Punch             |     4 |     3 |     8 ||    15
  Evoke: Wand              |       |       |    10 ||    10
    Use: Potion            |     1 |       |     5 ||     6
         Scroll            |       |       |     9 ||     9
   Stab: Sleeping          |    13 |     7 |     2 ||    22
         Distracted        |       |       |     1 ||     1
 Armour: Skin              |    20 |    22 |   128 ||   170
  Dodge: Dodged            |    29 |    33 |   137 ||   199
   Form: Flux              |       |       |     1 ||     1

Illustrated notes

Table legend:
 A = Kills in this place as a percentage of kills in the entire game.
 B = Kills by you in this place as a percentage of kills by you in the entire game.
 C = Kills by friends in this place as a percentage of kills by friends in the entire game.
 D = Other kills in this place as a percentage of other kills in the entire game.
 E = Experience gained in this place as a percentage of experience gained in the entire game.
 F = Experience gained in this place divided by the number of levels of this place that you have seen.
                   A       B       C       D       E      F
               +-------+-------+-------+-------+-------+----------------------
         Total | 100.0 | 100.0 |   N/A |   N/A | 100.0 | 382.7
       Dungeon |  80.9 |  80.9 |   N/A |   N/A |  75.5 | 371.4
        Bailey |  19.1 |  19.1 |   N/A |   N/A |  24.5 | 844.0
               +-------+-------+-------+-------+-------+----------------------

Table legend: (Time is in decaauts)
 A = Elapsed time spent in this place.
 B = Non-inter-level travel time spent in this place.
 C = Inter-level travel time spent in this place.
 D = Time resting spent in this place.
 E = Time spent auto-exploring this place.
 F = Levels seen in this place.
 G = Mean time per level.
                   A        B        C        D        E       F      G
               +--------+--------+--------+--------+--------+-----+--------+
         Total |   6503 |   6317 |    186 |   1150 |   3776 |   9 |  722.6 |
       Dungeon |   5718 |   5572 |    146 |    875 |   3715 |   7 |  816.9 |
        Temple |     40 |      1 |     39 |      0 |      0 |   1 |   40.0 |
        Bailey |    744 |    744 |      0 |    275 |     61 |   1 |  744.0 |
               +--------+--------+--------+--------+--------+-----+--------+

Top non-repeatable levels by time:
     D:5: 1429 daAuts
     D:4: 1047 daAuts
     D:6: 818 daAuts
     D:1: 815 daAuts
  Bailey: 744 daAuts
     D:3: 695 daAuts
     D:7: 458 daAuts
     D:2: 454 daAuts
  Temple: 40 daAuts
